[ AOE2 MATCH · #506134251 ]
UnrankedCumans vs Armenians
Player's team · WIN
[ REPLAY ANALYSIS · EXTRACTED FROM THE RECORDED GAME ]
Feudal
8:27
Castle
20:13
Imperial
—
| APM avg | 70.8 |
| APM peak | 125 |
| eAPM avg | 41.7 |
| Villagers / military | 70 / 16 |
Focus
⚔️ 57.4% · 🌾 42.6%
Archer ×8 · Kipchak ×8
Feudal
11:00
Castle
18:27
Imperial
—
| APM avg | 57.2 |
| APM peak | 104 |
| eAPM avg | 27.5 |
| Villagers / military | 39 / 17 |
Focus
⚔️ 35.9% · 🌾 64.1%
Knight ×6 · Mangonel ×5 · Monk ×3 · Militia ×3
Match map
Initial resources + every placement click. Lines = walls · curves = elevation contours. ◆ gold · ⬟ stone · ● berries · ✦ relic · ◌ wall gap
Your base· Open — 3t gap
[Nors] ImSimon's base· Open — 4t gap
Smoothed initial terrain · ◌ = detected wall gap · hover for details
Inputs per minute
— HiddenZebra - - [Nors] ImSimon
Build order — HiddenZebra
First 150 of 177 actions detected
| 0:01 | Create | Villager (Male) |
| 0:01 | Create | Villager (Male) |
| 0:01 | Create | Villager (Male) |
| 0:01 | Create | Villager (Male) |
| 0:02 | Build | House |
| 0:04 | Build | House |
| 1:16 | Create | Villager (Male) |
| 1:41 | Create | Villager (Male) |
| 1:58 | Build | Palisade Wall |
| 2:02 | Build | Palisade Wall |
| 2:04 | Build | Palisade Wall |
| 2:26 | Create | Villager (Male) |
| 2:43 | Build | Lumber Camp |
| 2:51 | Create | Villager (Male) |
| 2:51 | Create | Villager (Male) |
| 3:11 | Create | Villager (Male) |
| 3:21 | Create | Villager (Male) |
| 3:33 | Build | House |
| 3:55 | Create | Villager (Male) |
| 4:09 | Create | Villager (Male) |
| 4:34 | Create | Villager (Male) |
| 5:05 | Build | Mill |
| 5:10 | Create | Villager (Male) |
| 5:20 | Create | Villager (Male) |
| 5:42 | Research | Loom |
| 5:50 | Create | Villager (Male) |
| 6:17 | Research | Feudal Age |
| 7:40 | Build | House |
| 8:00 | Build | Palisade Wall |
| 8:01 | Build | Palisade Wall |
| 8:02 | Build | Palisade Wall |
| 8:04 | Build | Palisade Wall |
| 8:05 | Build | Palisade Wall |
| 8:11 | Build | Palisade Wall |
| 8:22 | Build | Palisade Wall |
| 8:23 | Build | Palisade Wall |
| 8:25 | Build | Palisade Wall |
| 8:26 | Build | Palisade Wall |
| 8:27 | Age | Feudal Age |
| 8:31 | Build | Palisade Wall |
| 8:37 | Build | Palisade Wall |
| 8:38 | Build | Palisade Wall |
| 8:41 | Build | Palisade Wall |
| 8:43 | Create | Villager (Male) |
| 8:43 | Create | Villager (Male) |
| 8:54 | Build | Town Center |
| 9:06 | Build | Palisade Wall |
| 9:07 | Build | Palisade Wall |
| 9:11 | Research | Double-Bit Axe |
| 9:12 | Create | Villager (Male) |
| 9:16 | Research | Loom |
| 10:03 | Create | Villager (Male) |
| 10:26 | Create | Villager (Male) |
| 10:26 | Create | Villager (Male) |
| 10:35 | Create | Villager (Male) |
| 10:38 | Build | House |
| 10:40 | Create | Villager (Male) |
| 10:45 | Build | Farm |
| 10:46 | Build | Farm |
| 10:48 | Build | Farm |
| 10:50 | Create | Villager (Male) |
| 10:59 | Build | Farm |
| 11:02 | Build | House |
| 11:06 | Create | Villager (Male) |
| 11:21 | Build | House |
| 11:22 | Create | Villager (Male) |
| 11:30 | Build | Farm |
| 11:31 | Build | Farm |
| 11:34 | Create | Villager (Male) |
| 11:34 | Create | Villager (Male) |
| 11:42 | Build | Farm |
| 11:52 | Create | Villager (Male) |
| 12:02 | Build | Farm |
| 12:06 | Build | Farm |
| 12:08 | Create | Villager (Male) |
| 12:27 | Build | Farm |
| 12:29 | Build | Farm |
| 12:30 | Create | Villager (Male) |
| 12:30 | Create | Villager (Male) |
| 12:34 | Build | Farm |
| 12:39 | Create | Villager (Male) |
| 12:59 | Build | Barracks |
| 13:11 | Create | Villager (Male) |
| 13:19 | Build | Palisade Gate |
| 13:21 | Build | Palisade Gate |
| 13:25 | Build | House |
| 13:29 | Build | Palisade Wall |
| 13:45 | Create | Villager (Male) |
| 13:53 | Build | Palisade Wall |
| 14:03 | Create | Villager (Male) |
| 14:03 | Create | Villager (Male) |
| 14:06 | Build | Mining Camp |
| 14:07 | Build | Farm |
| 14:13 | Build | Archery Range |
| 14:35 | Build | Mining Camp |
| 14:38 | Create | Villager (Male) |
| 14:38 | Create | Villager (Male) |
| 14:55 | Create | Archer |
| 14:58 | Create | Villager (Male) |
| 14:58 | Create | Villager (Male) |
| 15:06 | Create | Villager (Male) |
| 15:29 | Create | Villager (Male) |
| 15:31 | Build | House |
| 15:40 | Create | Villager (Male) |
| 15:40 | Create | Villager (Male) |
| 15:43 | Research | Wheelbarrow |
| 16:00 | Build | House |
| 16:19 | Build | Market |
| 16:26 | Build | Outpost |
| 16:36 | Create | Villager (Male) |
| 16:42 | Build | House |
| 16:44 | Build | Palisade Wall |
| 16:56 | Create | Villager (Male) |
| 17:00 | Build | Blacksmith |
| 17:03 | Build | Archery Range |
| 17:13 | Create | Archer |
| 17:16 | Create | Villager (Male) |
| 17:30 | Research | Castle Age |
| 17:33 | Research | Castle Age |
| 17:33 | Research | Castle Age |
| 17:38 | Create | Archer |
| 17:55 | Build | Stable |
| 17:56 | Research | Fletching |
| 18:22 | Create | Archer |
| 18:27 | Create | Archer |
| 18:29 | Create | Villager (Male) |
| 18:29 | Create | Villager (Male) |
| 18:31 | Create | Villager (Male) |
| 18:34 | Research | Gold Mining |
| 18:35 | Research | Horse Collar |
| 18:47 | Build | House |
| 18:53 | Research | Bloodlines |
| 19:06 | Build | House |
| 19:12 | Create | Archer |
| 19:23 | Create | Villager (Male) |
| 19:24 | Create | Villager (Male) |
| 19:26 | Create | Archer |
| 19:36 | Build | House |
| 19:50 | Build | House |
| 19:59 | Build | House |
| 20:03 | Build | House |
| 20:12 | Build | House |
| 20:13 | Build | House |
| 20:13 | Age | Castle Age |
| 20:19 | Build | Palisade Gate |
| 20:32 | Build | Castle |
| 20:36 | Create | Villager (Male) |
| 20:37 | Create | Villager (Male) |
| 20:54 | Create | Villager (Male) |
| 20:54 | Create | Villager (Male) |
Build order — [Nors] ImSimon
120 actions detected in the replay
| 0:00 | Create | Villager (Male) |
| 0:01 | Create | Villager (Male) |
| 0:02 | Build | House |
| 0:03 | Build | House |
| 0:19 | Create | Villager (Male) |
| 0:48 | Create | Villager (Male) |
| 1:30 | Create | Villager (Male) |
| 1:48 | Build | Mule Cart |
| 2:00 | Create | Villager (Male) |
| 2:21 | Create | Villager (Male) |
| 2:40 | Create | Villager (Male) |
| 3:19 | Create | Villager (Male) |
| 3:44 | Create | Villager (Male) |
| 3:55 | Build | House |
| 4:06 | Create | Villager (Male) |
| 4:23 | Build | Barracks |
| 4:29 | Create | Villager (Male) |
| 4:39 | Build | House |
| 4:51 | Create | Villager (Male) |
| 5:16 | Create | Villager (Male) |
| 5:36 | Create | Militia |
| 5:37 | Create | Militia |
| 5:40 | Create | Villager (Male) |
| 5:43 | Build | House |
| 6:01 | Build | Palisade Wall |
| 6:13 | Create | Villager (Male) |
| 6:25 | Create | Militia |
| 6:30 | Build | Mill |
| 6:35 | Create | Villager (Male) |
| 6:44 | Build | House |
| 6:47 | Build | Palisade Wall |
| 7:03 | Create | Villager (Male) |
| 7:23 | Create | Villager (Male) |
| 7:34 | Build | Palisade Wall |
| 7:54 | Create | Villager (Male) |
| 8:22 | Research | Loom |
| 8:29 | Build | Palisade Wall |
| 8:42 | Build | Palisade Wall |
| 8:50 | Research | Feudal Age |
| 9:20 | Build | Palisade Wall |
| 9:22 | Build | Palisade Wall |
| 9:36 | Build | Palisade Wall |
| 9:39 | Build | Palisade Wall |
| 9:55 | Build | Farm |
| 10:11 | Build | Farm |
| 10:34 | Create | Villager (Male) |
| 10:44 | Build | Mule Cart |
| 10:57 | Build | Farm |
| 10:59 | Build | Farm |
| 11:00 | Age | Feudal Age |
| 11:05 | Build | Archery Range |
| 11:19 | Build | House |
| 11:25 | Create | Villager (Male) |
| 11:37 | Research | Double-Bit Axe |
| 11:49 | Create | Villager (Male) |
| 11:50 | Research | Man-at-Arms (upgrade) |
| 12:06 | Build | Farm |
| 12:07 | Build | Farm |
| 12:12 | Create | Villager (Male) |
| 12:16 | Create | Villager (Male) |
| 12:25 | Build | Watch Tower |
| 12:46 | Build | Market |
| 12:52 | Build | House |
| 13:03 | Create | Villager (Male) |
| 13:35 | Create | Villager (Male) |
| 13:39 | Build | Farm |
| 13:40 | Build | Farm |
| 13:50 | Build | House |
| 13:58 | Create | Villager (Male) |
| 14:04 | Build | Farm |
| 14:27 | Build | Palisade Wall |
| 14:27 | Create | Villager (Male) |
| 14:30 | Build | Palisade Wall |
| 14:44 | Build | Farm |
| 14:49 | Build | Palisade Wall |
| 14:54 | Create | Villager (Male) |
| 15:18 | Create | Villager (Male) |
| 15:33 | Build | Mule Cart |
| 15:47 | Research | Castle Age |
| 15:59 | Build | Mule Cart |
| 16:35 | Build | Stable |
| 16:46 | Research | Gold Mining |
| 17:01 | Research | Horse Collar |
| 17:36 | Build | Mule Cart |
| 17:53 | Create | Villager (Male) |
| 18:02 | Build | Blacksmith |
| 18:27 | Age | Castle Age |
| 18:29 | Create | Knight |
| 18:40 | Build | Siege Workshop |
| 18:48 | Create | Knight |
| 18:49 | Create | Villager (Male) |
| 19:07 | Create | Villager (Male) |
| 19:15 | Create | Mangonel |
| 19:25 | Build | Monastery |
| 19:33 | Build | Monastery |
| 19:37 | Create | Knight |
| 19:39 | Create | Villager (Male) |
| 20:01 | Create | Knight |
| 20:05 | Create | Mangonel |
| 20:08 | Build | House |
| 20:10 | Create | Monk |
| 20:19 | Create | Knight |
| 20:23 | Build | House |
| 20:24 | Build | House |
| 20:27 | Create | Villager (Male) |
| 20:29 | Research | Wheelbarrow |
| 20:36 | Build | House |
| 20:51 | Build | Mule Cart |
| 21:21 | Create | Villager (Male) |
| 21:21 | Create | Villager (Male) |
| 21:31 | Create | Monk |
| 21:37 | Create | Mangonel |
| 21:43 | Create | Villager (Male) |
| 22:02 | Create | Monk |
| 22:16 | Create | Mangonel |
| 22:21 | Build | Outpost |
| 22:23 | Build | Outpost |
| 22:31 | Create | Knight |
| 23:20 | Build | House |
| 23:24 | Create | Mangonel |
Match timeline
| 1:58 | HiddenZebra · wall_segment Palisade Wall x1 |
| 2:02 | HiddenZebra · wall_segment Palisade Wall x1 |
| 2:04 | HiddenZebra · wall_segment Palisade Wall x1 |
| 4:23 | [Nors] ImSimon · first_building Barracks |
| 6:01 | [Nors] ImSimon · wall_segment Palisade Wall x7 |
| 6:47 | [Nors] ImSimon · wall_segment Palisade Wall x10 |
| 7:34 | [Nors] ImSimon · wall_segment Palisade Wall x5 |
| 8:00 | HiddenZebra · wall_segment Palisade Wall x1 |
| 8:01 | HiddenZebra · wall_segment Palisade Wall x1 |
| 8:02 | HiddenZebra · wall_segment Palisade Wall x1 |
| 8:04 | HiddenZebra · wall_segment Palisade Wall x1 |
| 8:05 | HiddenZebra · wall_segment Palisade Wall x1 |
| 8:11 | HiddenZebra · wall_segment Palisade Wall x1 |
| 8:22 | HiddenZebra · wall_segment Palisade Wall x1 |
| 8:23 | HiddenZebra · wall_segment Palisade Wall x1 |
| 8:25 | HiddenZebra · wall_segment Palisade Wall x1 |
| 8:26 | HiddenZebra · wall_segment Palisade Wall x1 |
| 8:27 | HiddenZebra · age_up feudal |
| 8:29 | [Nors] ImSimon · wall_segment Palisade Wall x8 |
| 8:31 | HiddenZebra · wall_segment Palisade Wall x1 |
| 8:37 | HiddenZebra · wall_segment Palisade Wall x1 |
| 8:38 | HiddenZebra · wall_segment Palisade Wall x1 |
| 8:41 | HiddenZebra · wall_segment Palisade Wall x1 |
| 8:42 | [Nors] ImSimon · wall_segment Palisade Wall x2 |
| 9:06 | HiddenZebra · wall_segment Palisade Wall x1 |
| 9:07 | HiddenZebra · wall_segment Palisade Wall x1 |
| 9:20 | [Nors] ImSimon · wall_segment Palisade Wall x4 |
| 9:22 | [Nors] ImSimon · wall_segment Palisade Wall x9 |
| 9:36 | [Nors] ImSimon · wall_segment Palisade Wall x3 |
| 9:39 | [Nors] ImSimon · wall_segment Palisade Wall x4 |
| 11:00 | [Nors] ImSimon · age_up feudal |
| 11:05 | [Nors] ImSimon · first_building Archery Range |
| 12:59 | HiddenZebra · first_building Barracks |
| 13:29 | HiddenZebra · wall_segment Palisade Wall x1 |
| 13:53 | HiddenZebra · wall_segment Palisade Wall x1 |
| 14:00 | [Nors] ImSimon · first_market_buy 100 food |
| 14:13 | HiddenZebra · first_building Archery Range |
| 14:27 | [Nors] ImSimon · wall_segment Palisade Wall x1 |
| 14:30 | [Nors] ImSimon · wall_segment Palisade Wall x2 |
| 14:49 | [Nors] ImSimon · wall_segment Palisade Wall x3 |
| 14:56 | [Nors] ImSimon · first_market_sell 100 wood |
| 16:35 | [Nors] ImSimon · first_building Stable |
| 16:44 | HiddenZebra · wall_segment Palisade Wall x4 |
| 17:21 | HiddenZebra · first_market_buy 100 food |
| 17:24 | HiddenZebra · first_market_sell 100 wood |
| 17:55 | HiddenZebra · first_building Stable |
| 18:27 | [Nors] ImSimon · age_up castle |
| 18:40 | [Nors] ImSimon · first_building Siege Workshop |
| 19:25 | [Nors] ImSimon · first_building Monastery |
| 20:13 | HiddenZebra · age_up castle |
| 20:32 | HiddenZebra · first_building Castle |
| 23:32 | [Nors] ImSimon · resign |
[ AI ANALYSIS · 1 CREDIT ]
What really happened in this match?
Wolo.gg analyzes every decision: build order, eco, micro, common mistakes by bracket. Personalized analysis on WhatsApp or Discord in 30 seconds.
Civ guide
Cumans
Perfil
Jugador #1128513